 Dungeon Crawl Stone Soup version 0.28.0-1-gb440e238dd (webtiles) character file.

Game seed: 8361274994961275772

53 fknight the Chopper (level 3, -1/33 HPs)
             Began as a Hill Orc Monk on Feb 21, 2022.
             Succumbed to a scorpion's poison
             ... on level 2 of the Dungeon.
             The game lasted 00:04:59 (1955 turns).

fknight the Chopper (Hill Orc Monk)                 Turns: 1955, Time: 00:05:00

Health: -1/33      AC:  5    Str: 14 (15) XL:     3   Next: 89%
Magic:  3/3        EV: 15    Int:  8 (10) God:
Gold:   89         SH:  0    Dex: 12 (13) Spells: 2/2 levels left

rFire   . . .      SeeInvis .   a - +0 hand axe
rCold   . . .      Faith    .   (no shield)
rNeg    . . .      Spirit   .   n - +0 ring mail
rPois   .          Reflect  .   (no helmet)
rElec   .          Harm     .   (no cloak)
rCorr   .          Rampage  .   (no gloves)
Will    +....                   (no boots)
Stlth   +.........              (no amulet)
HPRegen 0.11/turn               e - +4 ring of evasion
MPRegen 0.08/turn               b - ring of willpower

@: lethally poisoned (-1 -> -12), attractive
A: no striking features
a: no special abilities


You were on level 2 of the Dungeon.
You visited 1 branch of the dungeon, and saw 2 of its levels.

You collected 89 gold pieces.

Inventory:

Hand Weapons
 a - a +0 hand axe (weapon)
 j - a +0 spear
Missiles
 c - 51 stones (quivered)
 i - 30 arrows
Armour
 n - a +0 ring mail (worn)
Jewellery
 b - a ring of willpower (right hand)
 e - a +4 ring of evasion (left hand)
Scrolls
 g - a scroll of identify {unknown}
 h - a scroll of silence {unknown}
 m - a scroll of summoning {unknown}
Potions
 d - a potion of attraction
 k - a potion of might {unknown}
 l - a potion of magic {unknown}


   Skills:
 + Level 4.0 Fighting
 + Level 4.9 Axes
 + Level 0.9 Throwing
 + Level 0.1 Armour
 + Level 2.8 Dodging
 + Level 1.7 Stealth


You had 2 spell levels left.
You didn't know any spells.
Your spell library contained the following spells:

 Spells                   Type           Power      Damage    Failure   Level
 Animate Skeleton         Necr           0%         N/A       65%         1
 Apportation              Tloc           0%         N/A       65%         1
 Summon Small Mammal      Summ           0%         N/A       65%         1


Dungeon Overview and Level Annotations

Branches:
Dungeon (2/15)

Altars:
Dithmenos


Message History

You hit the scorpion but do no damage.
You feel very sick. The scorpion misses you.
You hit the scorpion.
You punch the scorpion, but do no damage.
The scorpion is lightly wounded.
You feel very sick. The scorpion closely misses you.
You closely miss the scorpion.
The scorpion is lightly wounded.
You feel sick. The scorpion closely misses you. The scorpion stings you.
You hit the scorpion.
The scorpion is lightly wounded.
You feel sick. The scorpion closely misses you.
You completely miss the scorpion.
The scorpion is lightly wounded.
You feel sick. The scorpion closely misses you.
You barely miss the scorpion.
The scorpion is lightly wounded.
You feel sick. The scorpion closely misses you.
You hit the scorpion.
The scorpion is lightly wounded.
You feel sick. The scorpion misses you. x2
You closely miss the scorpion.
The scorpion is lightly wounded.
You feel sick.
You are no longer poisoned.
The scorpion stings you.
* * * LOW HITPOINT WARNING * * *
You are lethally poisoned!
The scorpion poisons you!
It was a potion of attraction.
You feel attractive to monsters.
* * * LOW HITPOINT WARNING * * *
You feel very sick. The scorpion misses you.
It was a potion of degeneration.
There was something very wrong with that liquid.
You feel weakened.
You feel dopey.
You feel clumsy.
You die...

...#.#..#.#..#.# #.#
...#.####.##†#.# #.#
...#...........#############.#
...#.####.##'#.#.............#
...#.#..'.'..#.#.#############
...#.#..#.#..#.#.#
...#.#)##.####.#.#
...#...........#.#
...#.#+##.####.#@# ...#.# +.+
#.#s# ...#.# #.# #.#
...#.####.# #.# ............
#.# ############ #.# #.# #.#


You could see a scorpion.

Vanquished Creatures
  2 adders (D:2)
  A worm (D:2)
  5 ball pythons
  An endoplasm (D:2)
  A giant cockroach (D:1)
  4 goblins (D:2)
  2 hobgoblins (D:2)
  A quokka (D:1)
  4 bats
  5 kobolds
  6 rats
32 creatures vanquished.

Notes
Turn   | Place    | Note
-------+----------+-------------------------------------------
     0 | D:1      | fknight the Hill Orc Monk began the quest for the Orb.
     0 | D:1      | Reached XP level 1. HP: 19/19 MP: 1/1
   201 | D:1      | Found a faded altar of an unknown god.
   314 | D:1      | Reached XP level 2. HP: 26/27 MP: 2/2
   824 | D:2      | Reached XP level 3. HP: 33/33 MP: 3/3
  1236 | D:2      | Found a shadowy altar of Dithmenos.
  1942 | D:2      | Noticed a scorpion
  1955 | D:2      | Succumbed to a scorpion's poison

Illustrated notes

Levels and vault maps discovered:
D:1:      wander_arrival_peaceful_grave, layout_rooms, basic_ecumenical_altar
D:2:      minmay_door_path, layout_basic, basic_altar,
          kennysheep_generic_room_12

Skill      XL: |  1  2  3 |
---------------+----------+-----
Fighting       | 4 |  4.0
Axes           | |  4.9
Throwing       | |  0.9
Armour         | |  0.1
Dodging        | |  2.8
Stealth        | |  1.7

Action                   || total
-------------------------++-------
Melee: Hand axe          ||    96
       Punch             ||     3
Throw: Stone             ||    62
  Use: Potion            ||     2
 Stab: Sleeping          ||     1
Armor: Robe              ||    16
       Ring mail         ||     4
Dodge: Dodged            ||   105
